AoeStats
← m0123s

Arena

509804925Analyzed
3v3 RM · 5d ago on Sep 28, 2026· 100m 19s· 6 players
Game mode
Random Map
Map size
Normal (6 player)
Population
200
Speed
Normal
Resources
Standard
Victory
Conquest
Starting age
Dark Age
Ending age
Imperial Age
RankedLock teamsTeams togetherTeam positionsShared explorationLock speedFull tech treeHidden civsTurbo modeCheats
Victory
Defeat
🇺🇸 Mongols · United States
982
+16
🇺🇸 Burgundians · United States
955
+17
🇺🇸 Bohemians · United States
917
+18
🇺🇾 Ethiopians · Uruguay
1017
-19
🇺🇾 Celts · Uruguay
948
-16
🇺🇾 Armenians · Uruguay
943
-16
Diesel_Dab
6:26 Loom
6:52 Double-Bit Axe
13:23 Feudal Age
12:03 Horse Collar
14:29 Bow Saw
17:55 Castle Age
20:08 Wheelbarrow
22:05 Hand Cart
23:20 Heavy Plow
27:34 Cavalier
28:47 Scale Barding Armor
28:53 Forging
29:15 Husbandry
29:59 Chain Barding Armor
32:29 Iron Casting
34:20 Hand Cart
38:17 Imperial Age
40:55 Imperial Age
40:57 Paladin
50:45 Chemistry
49:26 Treadmill Crane
53:48 Caravan
58:28 Burgundian Vineyards
60:03 Ballistics
89:12 Plate Barding Armor
93:00 Bombard Tower
93:20 Coinage
CoCoBudda42
10:36 Feudal Age
15:21 Castle Age
14:09 Double-Bit Axe
14:14 Horse Collar
24:17 Fletching
25:06 Nomads
26:33 Bodkin Arrow
28:02 Bow Saw
28:06 Gold Mining
33:32 Imperial Age
32:22 Ballistics
33:55 Wheelbarrow
35:15 Gold Shaft Mining
35:11 Bracer
35:20 Scale Barding Armor
35:29 Bloodlines
35:21 Husbandry
34:44 Light Cavalry
37:08 Conscription
37:23 Chain Barding Armor
38:31 Chemistry
44:22 Padded Archer Armor
46:10 Hussar
48:17 Forging
48:13 Elite Mangudai
51:32 Caravan
59:47 Hand Cart
60:33 Iron Casting
70:17 Blast Furnace
78:38 Capped Ram
80:56 Drill
79:59 Siege Ram
S-atansKrotch
0:30 Loom
12:07 Feudal Age
17:13 Castle Age
15:38 Double-Bit Axe
15:36 Horse Collar
20:32 Wheelbarrow
22:18 Forging
22:09 Scale Mail Armor
39:59 Hand Cart
40:50 Pikeman
41:31 Squires
41:44 Squires
44:38 Iron Casting
47:20 Chain Mail Armor
47:22 Bow Saw
47:16 Heavy Plow
60:56 Imperial Age
58:54 Fletching
59:04 Padded Archer Armor
59:22 Elite Skirmisher
60:41 Bodkin Arrow
61:01 Leather Archer Armor
61:21 Ballistics
62:19 Bracer
68:22 Blast Furnace
66:50 Halberdier
68:12 Plate Mail Armor
74:47 Chemistry
74:54 Ring Archer Armor
75:13 Houfnice
97:49 Caravan
99:38 Siege Engineers
Anubix
1:48 Loom
11:31 Feudal Age
15:15 Castle Age
14:15 Double-Bit Axe
16:10 Horse Collar
20:29 Wheelbarrow
28:43 Stronghold
33:53 Gold Mining
40:38 Forging
40:29 Scale Mail Armor
39:54 Pikeman
43:44 Chain Mail Armor
44:06 Iron Casting
50:07 Arson
53:28 Imperial Age
53:31 Halberdier
54:55 Capped Ram
54:58 Elite Woad Raider
57:24 Blast Furnace
56:55 Plate Mail Armor
56:52 Conscription
58:26 Bow Saw
61:07 Elite Woad Raider
65:34 Furor Celtica
65:37 Siege Ram
74:53 Hand Cart
74:26 Town Watch
78:52 Ballistics
79:34 Chemistry
82:24 Caravan
82:59 Coinage
89:29 Heavy Plow
97:37 Loom
97:57 Town Patrol
m0123s
6:03 Loom
10:48 Feudal Age
12:57 Man-at-Arms
14:38 Forging
15:48 Arson
16:22 Long Swordsman
17:43 Scale Mail Armor
23:06 Castle Age
21:13 Double-Bit Axe
22:58 Wheelbarrow
22:11 Horse Collar
24:12 Bow Saw
25:26 Heavy Plow
26:08 Gambesons
26:32 Fletching
26:45 Squires
33:06 Gold Mining
32:38 Two-Handed Swordsman
32:41 Pikeman
34:50 Hand Cart
33:59 Two-Handed Swordsman
36:16 Gold Shaft Mining
37:15 Town Watch
36:52 Halberdier
43:58 Imperial Age
42:50 Bodkin Arrow
45:08 Conscription
44:54 Fereters
46:13 Ballistics
50:10 Hoardings
51:59 Iron Casting
51:40 Chain Mail Armor
54:51 Blast Furnace
54:21 Plate Mail Armor
56:31 Bracer
56:26 Elite Composite Bowman
59:36 Caravan
61:01 Padded Archer Armor
60:27 Onager
62:07 Hoardings
62:38 Champion
66:52 Leather Archer Armor
75:31 Ring Archer Armor
77:04 Sanctity
77:06 Fervor
77:50 Scale Barding Armor
80:56 Chemistry
80:07 Masonry
79:48 Heated Shot
79:41 Treadmill Crane
83:03 Murder Holes
83:31 Bombard Tower
85:38 Coinage
89:53 Capped Ram
93:54 Banking
97:18 Guard Tower
c.t_19
9:56 Feudal Age
14:08 Castle Age
13:13 Double-Bit Axe
13:29 Loom
16:27 Wheelbarrow
18:52 Crossbowman
20:58 Horse Collar
21:56 Bow Saw
23:19 Fletching
23:54 Town Watch
28:44 Elite Skirmisher
30:05 Heavy Plow
30:38 Bodkin Arrow
33:02 Gold Mining
35:54 Imperial Age
34:17 Ballistics
34:28 Hand Cart
34:51 Masonry
35:15 Padded Archer Armor
35:53 Thumb Ring
38:38 Chemistry
39:10 Halberdier
40:22 Town Patrol
40:43 Bracer
41:31 Leather Archer Armor
41:25 Arbalester
46:06 Conscription
46:44 Gold Shaft Mining
47:35 Ring Archer Armor
62:31 Architecture
62:07 Siege Engineers
62:31 Caravan
72:22 Light Cavalry
73:14 Scale Barding Armor
74:51 Husbandry
77:59 Hussar
81:43 Two-Man Saw
82:45 Chain Barding Armor
94:28 Forging
95:50 Iron Casting
96:46 Heavy Camel Rider
99:21 Blast Furnace
Connection lost

Rejoining the realm…

Still unreachable

The connection could not be restored.

Session expired

The server has moved on; the page needs a fresh start.